 Dungeon Crawl Stone Soup version 0.30-a0-1018-g25214051b3 (webtiles) character file.

Game seed: 3851044518745772569

64 bande the Trooper (level 4, 0/29 HPs)
             Began as a Gargoyle Fighter on Apr 7, 2023.
             Slain by an orc
             ... wielding a +0 mace
              (5 damage)
             ... on level 3 of the Dungeon.
             The game lasted 00:01:41 (1772 turns).

bande the Trooper (Gargoyle Fighter)                Turns: 1772, Time: 00:01:41

Health: 0/29       AC: 11    Str: 20    XL:     4   Next: 12%
Magic:  4/4        EV:  9    Int:  8    God:
Gold:   89         SH:  4    Dex: 11    Spells: 3/3 levels left

rFire   . . .      SeeInvis .    a - +0 war axe
rCold   . . .      Faith    .    c - +0 buckler
rNeg    + . .      Spirit   .    b - +0 scale mail
rPois   ∞          Reflect  .    (no helmet)
rElec   +          Rampage  .    (no cloak)
rCorr   .                        o - +0 pair of gloves
Will    .....                    (no boots) Stlth
                                 (no amulet)
HPRegen 0.24/turn                (no ring)
MPRegen 0.09/turn                (no ring)

@: no status effects
A: sickness immunity, AC +3, negative energy resistance 1, electricity
resistance, torment resistance 1, petrification resistance
a: no special abilities


You were on level 3 of the Dungeon.
You visited 1 branch of the dungeon, and saw 3 of its levels.

You collected 89 gold pieces.

Inventory:

Hand Weapons
 a - a +0 war axe (weapon)
Armour
 b - a +0 scale mail (worn)
 c - a +0 buckler (worn)
 o - a +0 pair of gloves (worn)
Jewellery
 f - a ring of positive energy
 i - an amulet of faith
Wands
 h - a wand of quicksilver (11)
Scrolls
 j - a scroll of identify
Potions
 d - 2 potions of might
 e - 3 potions of curing
 g - a potion of mutation {unknown}
 k - a potion of cancellation {unknown}
 l - a potion of magic {unknown}
 m - a potion of ambrosia {unknown}


   Skills:
 + Level 4.1 Fighting
 + Level 2.3 Axes
 + Level 4.0 Armour
 + Level 3.5 Shields


You had 3 spell levels left.
You didn't know any spells.
Your spell library contained the following spells:

 Spells                   Type           Power      Damage    Failure   Level
 Freeze                   Ice            0%         1d3       85%         1
 Necrotise                Necr           0%         1d4       85%         1
 Frozen Ramparts          Ice            0%         1d1       99%         3
 Hailstorm                Conj/Ice       0%         3d3       99%         3
 Vampiric Draining        Necr           0%         2d6       99%         3
 Agony                    Necr           0%         N/A       100%        5


Dungeon Overview and Level Annotations

Branches:
Dungeon (3/15)

Altars:


Innate Abilities, Weirdness & Mutations

You are immune to sickness and miasma.
Your stone body is resilient. (AC +3)
You are immune to poison.
You resist negative energy. (rN+)
You are resistant to electric shocks. (rElec)
You are resistant to unholy torment.
You are immune to petrification.


Message History

The gnoll shouts!
The orc shouts! 2 gnolls and an orc come into view.
The gnoll shouts! x2; The orc shouts!
You block the orc's attack. The gnoll hits you but does no damage.
A gnoll comes into view. It is wielding a +0 halberd.
You hit the gnoll.
The gnoll is lightly wounded.
You slash the orc!
You kill the orc!
The gnoll barely misses you. The orc hits you but does no damage.
You slash the gnoll!
The gnoll is almost dead.
You closely miss the orc. The orc hits you but does no damage.
You slash the gnoll!
You kill the gnoll!
You closely miss the orc. You block the gnoll's attack.
The orc hits you but does no damage.
Your Fighting skill increases to level 4!
You have reached level 4!
You feel stronger.
You barely miss the orc. You closely miss the orc. The orc barely misses you.
The orc hits you but does no damage. The gnoll barely misses you.
The orc barely misses you. You block the orc's attack.
The gnoll hits you from afar with a +0 halberd.
Unknown command.
You barely miss the orc. The orc hits you but does no damage.
You completely miss the orc. You block the orc's attack.
The gnoll hits you from afar with a +0 halberd.
You barely miss the orc. The gnoll hits you but does no damage.
The orc hits you with a +0 mace.
You barely miss the orc. The orc closely misses you.
The gnoll hits you but does no damage.
The gnoll hits you from afar with a +0 spear.
The gnoll hits you from afar with a +0 halberd!
* * * LOW HITPOINT WARNING * * *
The orc hits you but does no damage.
The gnoll hits you from afar with a +0 spear.
* * * LOW HITPOINT WARNING * * *
The orc attacks as you move away! The orc hits you with a +0 mace.
You die...

#. .#. .## ... .. ..
....#. .# #
....#.###.##.#.
...............
.......g.....
......gog.# #o#.# #@#.#
#......... #.#.#
#.#....... .#####.#.###
#.........
............###.#......#
#.#####.#.###..........>
........#####.#..#.#..
......................
#####.#...............
.......##.##..#.#.##.


You could see 3 gnolls and 2 orcs.

Vanquished Creatures
  2 gnolls
  2 adders (D:3)
  A worm (D:2)
  An orc (D:3)
  2 ball pythons
  3 endoplasms
  3 giant cockroaches
  3 goblins
  2 kobolds (D:1)
  A quokka (D:1)
  2 frilled lizards
  A rat (D:1)
23 creatures vanquished.

Notes
Turn   | Place    | Note
-------+----------+-------------------------------------------
     0 | D:1      | bande the Gargoyle Fighter began the quest for the Orb.
     0 | D:1      | Reached XP level 1. HP: 14/14 MP: 1/1
   153 | D:1      | Reached XP level 2. HP: 11/19 MP: 2/2
   969 | D:2      | Reached XP level 3. HP: 19/23 MP: 3/3
  1067 | D:2      | Found a faded altar of an unknown god.
  1766 | D:3      | Reached XP level 4. HP: 29/29 MP: 4/4
  1772 | D:3      | Slain by an orc

Illustrated notes

Levels and vault maps discovered:
D:1:      dpeg_arrival_rhombus, layout_basic, chequers_serial_rivers_micro_e
D:2:      layout_basic, hellmonk_ecumenical_altar_leap_of_faith
D:3:      layout_basic, mainiacjoe_overflow_chevrons

Skill      XL: |  1  2  3 |
---------------+----------+-----
Armour         | 4 |  4.0
Axes           | 2 |  2.3
Fighting       | 4 |  4.1
Shields        | |  3.5

Action                     |  1- 3 |  4- 6 || total
---------------------------+-------+-------++-------
  Melee: War axe           |   105 |     5 ||   110
    Use: Scroll            |     3 |       ||     3
 Armour: Scale mail        |    61 |     5 ||    66
  Dodge: Dodged            |    52 |     4 ||    56
  Block: Buckler           |    25 |     2 ||    27

Table legend: (Time is in decaauts)
 A = Elapsed time spent in this place.
 B = Non-inter-level travel time spent in this place.
 C = Inter-level travel time spent in this place.
 D = Time resting spent in this place.
 E = Time spent auto-exploring this place.
 F = Levels seen in this place.
 G = Mean time per level.
                   A        B        C        D        E       F      G
               +--------+--------+--------+--------+--------+-----+--------+
         Total |   1820 |   1708 |    112 |    134 |   1302 |   3 |  606.7 |
       Dungeon |   1820 |   1708 |    112 |    134 |   1302 |   3 |  606.7 |
               +--------+--------+--------+--------+--------+-----+--------+

Top non-repeatable levels by time:
     D:1: 872 daAuts
     D:2: 805 daAuts
     D:3: 142 daAuts
